 Dungeon Crawl Stone Soup version 0.28.0-43-g3370ac3207 (webtiles) character file.

Game seed: 7744726550727936110

7 Ablot the Grasshopper (level 2, -3/26 HPs)
             Began as a Gnoll Warper on Mar 6, 2022.
             Killed from afar by a dart slug (5 damage)
             ... with a slug dart
             ... on level 1 of the Dungeon.
             The game lasted 00:00:19 (106 turns).

Ablot the Grasshopper (Gnoll Warper)                 Turns: 106, Time: 00:00:19

Health: -3/26      AC:  3    Str: 10    XL:     2   Next: 0%
Magic:  7/7        EV: 12    Int: 12    God:
Gold:   0          SH:  0    Dex: 11    Spells: 10/10 levels left

rFire   . . .      SeeInvis .   a - +0 spear
rCold   . . .      Faith    .   (no shield)
rNeg    . . .      Spirit   .   b - +0 leather armour
rPois   .          Reflect  .   (no helmet)
rElec   .          Harm     .   (no cloak)
rCorr   .          Rampage  .   (no gloves)
Will    .....                   (no boots)
Stlth   +.........              (no amulet)
HPRegen 0.08/turn               (no ring)
MPRegen 0.10/turn               (no ring)

@: no status effects
A: fangs 1, strong nose, distributed training
a: no special abilities


You were on level 1 of the Dungeon.
You visited 1 branch of the dungeon, and saw 1 of its levels.

Inventory:

Hand Weapons
 a - a +0 spear (weapon)
Missiles
 d - 5 boomerangs of dispersal (quivered)
 e - 35 stones
Armour
 b - a +0 leather armour (worn)
Scrolls
 c - a scroll of blinking
 g - a scroll of holy word {unknown}
Potions
 f - a potion of mutation {unknown}


   Skills:
 + Level 4.4 Fighting
 + Level 0.2 Short Blades
 + Level 0.2 Long Blades
 + Level 0.2 Axes
 + Level 0.2 Maces & Flails
 + Level 4.4 Polearms
 + Level 0.2 Staves
 + Level 0.2 Slings
 + Level 0.2 Bows
 + Level 0.2 Crossbows
 + Level 2.4 Throwing
 + Level 2.4 Armour
 + Level 4.4 Dodging
 + Level 0.2 Stealth
 + Level 0.2 Shields
 + Level 0.2 Unarmed Combat
 + Level 4.9 Spellcasting
 + Level 0.1 Conjurations
 + Level 0.1 Hexes
 + Level 0.1 Summonings
 + Level 0.1 Necromancy
 + Level 5.3 Translocations
 + Level 0.1 Transmutations
 + Level 0.1 Fire Magic
 + Level 0.1 Ice Magic
 + Level 0.1 Air Magic
 + Level 0.1 Earth Magic
 + Level 0.1 Poison Magic
 + Level 0.3 Invocations
 + Level 0.2 Evocations


You had 10 spell levels left.
You didn't know any spells.
Your spell library contained the following spells:

 Spells                   Type           Power      Damage    Failure   Level
 Blink                    Tloc           30%        N/A       4%          2
 Gell's Gravitas          Tloc           15%        N/A       9%          3
 Lesser Beckoning         Tloc           15%        N/A       9%          3
 Teleport Other           Tloc           15%        N/A       9%          3
 Tukima's Dance           Hex            3%         N/A       58%         3
 Manifold Assault         Tloc           15%        N/A       63%         5
 Anguish                  Hex/Necr       1%         N/A       94%         4
 Enfeeble                 Hex            1%         N/A       100%        7


Dungeon Overview and Level Annotations

Branches:
Dungeon (1/15)

Altars:


Innate Abilities, Weirdness & Mutations

You have very sharp teeth.
Your uncanny sense of smell can sniff out nearby items.
Your experience applies equally to all skills.


Message History

The dart slug launches a dart at you. The slug dart misses you.
The kobold hits you but does no damage. The dart slug barely misses you.
You hit the kobold.
The kobold is moderately wounded.
The kobold hits you but does no damage.
You hit the kobold but do no damage.
The kobold is moderately wounded.
The dart slug closely misses you. The kobold hits you but does no damage.
You barely miss the kobold. The kobold hits you but does no damage.
The dart slug launches a dart at you. The slug dart misses you.
You closely miss the kobold. The kobold hits you with a +0 dagger.
* * * LOW HITPOINT WARNING * * *
You hit the dart slug but do no damage. The dart slug closely misses you.
The kobold hits you with a +0 dagger.
* * * LOW HITPOINT WARNING * * *
You closely miss the kobold. Your bite misses the kobold.
The dart slug bites you but does no damage.
The kobold barely misses you.
You hit the kobold but do no damage. Your bite misses the kobold.
The kobold barely misses you.
You hit the kobold but do no damage. The dart slug closely misses you.
You barely miss the kobold. The kobold barely misses you.
You hit the kobold.
You kill the kobold!
The dart slug barely misses you.
You have reached level 2!
Unknown command.
You hit the dart slug but do no damage. The dart slug misses you.
You hit the dart slug.
The dart slug is lightly wounded.
You barely miss the dart slug.
The dart slug is lightly wounded.
The dart slug bites you but does no damage.
You hit the dart slug.
The dart slug is heavily wounded.
The dart slug launches a dart at you. The slug dart hits you.
You die...

........#####...†##.........##..#
......#..## ###..##..........####
......##..## #...............#
......###..# #.#..............#
####### ##.####......####..##..#
#####..>#####.... .## ..
#........## ###.# # #.######..###
##..@# #..)w...... #.##....##.
#.# .#..# ... .#.## 8... .. #
...#. .. ##.# #....


You could see a dart slug.

Vanquished Creatures
  An endoplasm (D:1)
  2 giant cockroaches (D:1)
  A goblin (D:1)
  A kobold (D:1)
  A rat (D:1)
6 creatures vanquished.

Notes
Turn   | Place    | Note
-------+----------+-------------------------------------------
     0 | D:1      | Ablot the Gnoll Warper began the quest for the Orb.
     0 | D:1      | Reached XP level 1. HP: 20/20 MP: 6/6
    97 | D:1      | HP: 1/20 [kobold/+0 dagger (1)]
   103 | D:1      | Reached XP level 2. HP: 2/26 MP: 7/7
   106 | D:1      | Killed from afar by a dart slug

Illustrated notes

Levels and vault maps discovered:
D:1:      shiori_arrival_elements, layout_rooms,
          dreamdust_ecumenical_altar_drowned_temple,
          minmay_misc_feat_four_crosses

Action                   || total
-------------------------++-------
Melee: Spear             ||    30
       Bite              ||     1
Armor: Leather armour    ||     9
Dodge: Dodged            ||    14
